 Dungeon Crawl Stone Soup version 0.24.0-3-g28a8eb0610 (webtiles) character file.

Game seed: 10280493950344778857, levelgen mode: deterministic

150 CrazyMind the Bolt Thrower (level 5, -7/32 HPs)
             Began as a Kobold Hunter on Nov 1, 2019.
             Killed from afar by Robin (11 damage)
             ... with a puff of flame
             ... on level 2 of the Dungeon.
             The game lasted 00:27:48 (3492 turns).

CrazyMind the Bolt Thrower (Kobold Hunter)          Turns: 3492, Time: 00:27:48

Health: -7/32      AC:  3    Str: 10    XL:     5   Next: 58%
Magic:  5/5        EV: 15    Int: 12    God:
Gold:   90         SH:  0    Dex: 16    Spells: 4/4 levels left

rFire    . . .     SeeInvis .   b - +0 short sword
rCold    . . .     Gourm    .   (shield restricted)
rNeg     . . .     Faith    .   c - +0 leather armour
rPois    .         Spirit   .   (no helmet)
rElec    .         Reflect  .   (no cloak)
rCorr    .         Harm     .   (no gloves)
MR       .....                  (no boots)
Stlth    ++........             (no amulet)
HPRegen  0.10/turn              (no ring)
MPRegen  0.09/turn              (no ring)

@: no status effects
A: small, carnivore
a: no special abilities


You were on level 2 of the Dungeon.
You were completely stuffed.

You visited 1 branch of the dungeon, and saw 3 of its levels.

You collected 90 gold pieces.

Inventory:

Hand Weapons
 a - a +1 hand crossbow
 b - a +0 short sword (weapon)
 i - a +0 dagger
Missiles
 d - 76 bolts
Armour
 c - a +0 leather armour (worn)
 p - a +0 robe
Wands
 o - a wand of random effects (12)
Scrolls
 e - 3 scrolls of remove curse {unknown}
 g - 4 scrolls of identify {unknown}
 h - a scroll of teleportation {unknown}
 m - 3 scrolls of amnesia {unknown}
Potions
 k - a potion of lignification {unknown}
 l - a potion of flight {unknown}
 n - a potion of degeneration {unknown}
 q - a potion of might {unknown}
 r - a potion of heal wounds {unknown}
 s - a potion of agility {unknown}
 t - a potion of resistance {unknown}
Comestibles
 f - 7 rations


   Skills:
 + Level 2.8 Fighting
 + Level 2.9 Short Blades
 + Level 5.9 Crossbows
 + Level 1.2 Armour
 + Level 3.0 Dodging
 + Level 2.3 Stealth


You had 4 spell levels left.
You didn't know any spells.
Your spell library was empty.

Dungeon Overview and Level Annotations

Branches:
Dungeon (3/15)

Altars:
Ashenzari
Yredelemnul

Annotations:
D:1 exclusion: downstairs
D:2 Robin


Innate Abilities, Weirdness & Mutations

You are small and have problems with some larger weapons.
You are carnivorous and can eat meat at any time.


Message History

You shoot a bolt. The bolt barely misses Robin.
Firing (i - inventory)
d - 77 bolts (quivered)
Press: ? - help, Shift-Dir - straight line, f/p - Robin
Aim: Robin, wielding a +0 club, wearing a +0 animal skin, wearing a +0 helmet and carrying a wand of flame (19) (moderately wounded)
You shoot a bolt. The bolt hits Robin but does no damage.
Robin is moderately wounded.
Robin zaps a wand.
The puff of flame hits you!
b - a +0 short sword (weapon)
A goblin comes into view. It is wielding a +0 dagger.
Okay, then.
Unknown command.
Robin zaps a wand.
The puff of flame hits you!
* * * LOW HITPOINT WARNING * * *
Okay, then.
Unknown command.
Okay, then.
Unknown command.
It was a potion of magic.
Magic courses through your body.
Robin zaps a wand.
The puff of flame hits you!
You die...

#.# #..# #......
#.# #..# ##.#.#.
#.### #..# #.....
#...# #..# ###.##
###.###..######
#.##
#......รท....#
#... ##.######...#
###. #.# #...# ##
#@# #...# # #.#
#...# # #g# #...#
# #g# #...# # #(#
###########
#.g...............
#...gg..g.........
#g................
##################


You could see Robin, a hobgoblin and 2 goblins.

Vanquished Creatures
  Terence (D:2)
  4 adders (D:2)
  An ooze (D:2)
  4 dart slugs
  A leopard gecko (D:2)
  5 bats
  5 giant cockroaches (D:1)
  10 goblins
  8 hobgoblins
  8 jackals
  2 quokkas (D:2)
  9 frilled lizards
  8 kobolds
  8 rats
74 creatures vanquished.

Notes
Turn   | Place    | Note
-------+----------+-------------------------------------------
     0 | D:1      | CrazyMind the Kobold Hunter began the quest for the Orb.
     0 | D:1      | Reached XP level 1. HP: 12/12 MP: 1/1
    38 | D:1      | Reached skill level 5 in Crossbows
   575 | D:1      | Reached XP level 2. HP: 17/17 MP: 2/2
   926 | D:1      | Reached skill level 1 in Short Blades
  1035 | D:1      | Reached XP level 3. HP: 22/22 MP: 3/3
  1779 | D:2      | Reached XP level 4. HP: 20/27 MP: 4/4
  1919 | D:2      | Noticed Terence
  1927 | D:2      | Found a shattered altar of Ashenzari.
  2277 | D:2      | Reached skill level 1 in Armour
  2452 | D:2      | Found a basalt altar of Yredelemnul.
  2623 | D:2      | Noticed Robin
  2692 | D:3      | Reached XP level 5. HP: 16/31 MP: 5/5
  3064 | D:2      | Killed Terence
  3492 | D:2      | Killed from afar by Robin

Levels and vault maps discovered:
D:1:      saegor_arrival_simple_b, layout_loops_cross
D:2:      layout_loops_cross, evilmike_ruin_ashenzari,
          yredelemnul_altar_generic, serial_co_window_serial,
          co_window_corner_a, co_window_corner_a, co_window_corner_a,
          co_window_paths_a, co_window_corner_a, co_window_broadway_a,
          co_window_unsneaky_path_d, co_window_unsneaky_path_a,
          co_window_corner_cb, co_window_of_opportunity_c,
          co_window_of_opportunity_b, co_window_cross_3, co_window_paths_e,
          glass_columns_a, glass_columns_b, glass_columns_a, glass_columns_a,
          chequers_serial_rivers_micro_d, uniq_robin, uniq_terence
D:3:      layout_rooms, led_sif_book

Skill      XL: |  1  2  3  4  5 |
---------------+----------------+-----
Crossbows      | 5 |  5.9
Short Blades   | 1 2 |  2.9
Stealth        | 2 |  2.3
Armour         | 1 |  1.2
Dodging        | 3 |  3.0
Fighting       | |  2.8

Action                   |  1- 3 |  4- 6 || total
-------------------------+-------+-------++-------
Melee: Short sword       |   118 |    97 ||   215
 Fire: Hand crossbow     |    21 |    47 ||    68
  Use: Potion            |       |     1 ||     1
 Stab: Sleeping          |     3 |     2 ||     5
       Distracted        |     1 |       ||     1
  Eat: Chunk             |    11 |     6 ||    17
Armor: Leather armour    |    21 |    12 ||    33
Dodge: Dodged            |    68 |    71 ||   139
